EVO
WICHITA STATE UNIVERSITY SHOCKERS @ CLEMSON UNIVERSITY TIGERS
09/05/2048
 
TOP OF THE 1ST
Wichita State University Shockers batting - Pitching for Clemson University Tigers : RHP A.J. Newman
Pitching: RHP A.J. Newman
Batting: RHB Kyle Gill 0-0: Ball
1-0: Ball
2-0: Ball
3-0: Base on Balls
Batting: RHB Lucio Baratta 0-0: Called Strike
0-1: Called Strike
0-2: Foul Ball, location: 2F
0-2: Strikes out swinging
Batting: RHB Marvin Coffey 0-0: Called Strike
0-1: Ball
1-1: SINGLE (Line Drive, 78M, EV 103.8 MPH)
Kyle Gill to second
Batting: LHB Troy Davies 0-0: Foul Ball, location: 2F
0-1: Ball
1-1: Fielders Choice at 2nd, 6-4 (Groundball, 6, EV 86.9 MPH)
Kyle Gill to third
Batting: LHB Kyle Lee 0-0: Ball
1-0: Ball
2-0: Called Strike
2-1: Swinging Strike
2-2: Strikes out looking
Top of the 1st over - 0 runs, 1 hit, 0 errors, 2 left on base; Wichita State University 0 - Clemson University 0
BOTTOM OF THE 1ST
Clemson University Tigers batting - Pitching for Wichita State University Shockers : RHP Kyle Gray
Pitching: RHP Kyle Gray
Batting: LHB Mario Nunez 0-0: SINGLE (Line Drive, 4MD, EV 96.2 MPH)
Batting: RHB Josh LeSage 0-0: Ball
1-0: Swinging Strike
1-1: Foul Ball, location: 2F
1-2: Fielders Choice at 2nd, 5-4 (Groundball, 5L, EV 83.8 MPH)
Batting: RHB Marco Maggs 0-0: Grounds into double play, 5-4-3 (Groundball, 56S, EV 89.4 MPH)
Bottom of the 1st over - 0 runs, 1 hit, 0 errors, 0 left on base; Wichita State University 0 - Clemson University 0
TOP OF THE 2ND
Wichita State University Shockers batting - Pitching for Clemson University Tigers : RHP A.J. Newman
Batting: RHB Jeff Grant 0-0: Ball
1-0: Called Strike
1-1: Ball
2-1: Foul Ball, location: 2F
2-2: Ball
3-2: Ground out 5-3 (Groundball, 56, EV 86.2 MPH)
Batting: RHB Jordan Carr 0-0: Ball
1-0: Swinging Strike
1-1: SINGLE (Groundball, 34D, EV 94.4 MPH)
Batting: SHB Peter Faggard 0-0: Ball
1-0: Ball
2-0: Called Strike
2-1: Grounds into double play, 6-4-3 (Groundball, 6, EV 88.8 MPH)
Top of the 2nd over - 0 runs, 1 hit, 0 errors, 0 left on base; Wichita State University 0 - Clemson University 0
BOTTOM OF THE 2ND
Clemson University Tigers batting - Pitching for Wichita State University Shockers : RHP Kyle Gray
Batting: RHB David Rhodes 0-0: Foul Ball, location: 2F
0-1: Ball
1-1: Fly out, F9 (Flyball, 9, EV 89.4 MPH)
Batting: LHB Steve Gates 0-0: Called Strike
0-1: Called Strike
0-2: Ball
1-2: Ball
2-2: Ground out U3 (Groundball, 34, EV 87.5 MPH)
Batting: RHB Jason Duncan 0-0: Called Strike
0-1: Ground out 4-3 (Groundball, 4S, EV 78.1 MPH)
Bottom of the 2nd over - 0 runs, 0 hits, 0 errors, 0 left on base; Wichita State University 0 - Clemson University 0
TOP OF THE 3RD
Wichita State University Shockers batting - Pitching for Clemson University Tigers : RHP A.J. Newman
Batting: RHB Rick McGrath 0-0: Ball
1-0: Called Strike
1-1: Ground out 5-3 (Groundball, 56, EV 86.9 MPH)
Batting: RHB Kyle Gill 0-0: Ball
1-0: Foul Ball, location: 2F
1-1: Foul Ball, location: 2F
1-2: Fly out, F7 (Flyball, 7D, EV 98.8 MPH)
Batting: RHB Lucio Baratta 0-0: Foul Ball, location: 2F
0-1: Ball
1-1: Foul Ball, location: 2F
1-2: Foul Ball, location: 2F
1-2: Strikes out swinging
Top of the 3rd over - 0 runs, 0 hits, 0 errors, 0 left on base; Wichita State University 0 - Clemson University 0
BOTTOM OF THE 3RD
Clemson University Tigers batting - Pitching for Wichita State University Shockers : RHP Kyle Gray
Batting: LHB George Jedinak 0-0: Ball
1-0: Foul Ball, location: 2F
1-1: Foul Ball, location: 2F
1-2: Strikes out swinging
Batting: RHB Jose Rolon 0-0: Ball
1-0: Foul Ball, location: 2F
1-1: Ball
2-1: Reached on error, E3 (Groundball, 34, EV 86.9 MPH)
Batting: RHB Willis Suarez 0-0: Ball
1-0: Called Strike
1-1: Foul Ball, location: 2F
1-2: Ball
2-2: Foul Ball, location: 2F
2-2: Fly out, F8 (Flyball, 8RM, EV 92.5 MPH)
Batting: LHB Mario Nunez 0-0: Ball
1-0: Called Strike
1-1: Called Strike
1-2: Ground out 4-3 (Groundball, 4, EV 91.2 MPH)
Bottom of the 3rd over - 0 runs, 0 hits, 1 error, 1 left on base; Wichita State University 0 - Clemson University 0
TOP OF THE 4TH
Wichita State University Shockers batting - Pitching for Clemson University Tigers : RHP A.J. Newman
Batting: RHB Marvin Coffey 0-0: Foul Ball, location: 2F
0-1: Ball
1-1: Foul Ball, location: 2F
1-2: Foul Ball, location: 2F
1-2: Ball
2-2: Ball
3-2: DOUBLE (Flyball, 8LXD, EV 106.2 MPH)
Batting: LHB Troy Davies 0-0: Foul Ball, location: 2F
0-1: Ball
1-1: Ball
2-1: Ball
3-1: Called Strike
3-2: 2-RUN HOME RUN (Flyball, 9LD, EV 95.6 MPH), Distance : 373 ft
Batting: LHB Kyle Lee 0-0: Foul Ball, location: 2F
0-1: Ground out 4-3 (Groundball, 34D, EV 98.8 MPH)
Batting: RHB Jeff Grant 0-0: Ball
1-0: Swinging Strike
1-1: Swinging Strike
1-2: Ball
2-2: Ball
3-2: Ground out 5-3 (Groundball, 56S, EV 71.2 MPH)
Batting: RHB Jordan Carr 0-0: Ball
1-0: Swinging Strike
1-1: Foul Ball, location: 2F
1-2: SOLO HOME RUN (Flyball, 7D, EV 94.4 MPH), Distance : 367 ft
Batting: SHB Peter Faggard 0-0: Called Strike
0-1: Ball
1-1: Foul Ball, location: 2F
1-2: SOLO HOME RUN (Flyball, 7D, EV 96.9 MPH), Distance : 369 ft
Batting: RHB Rick McGrath 0-0: Called Strike
0-1: Ball
1-1: Fly out, F9 (Flyball, 89S, EV 81.9 MPH)
Top of the 4th over - 4 runs, 4 hits, 0 errors, 0 left on base; Wichita State University 4 - Clemson University 0
BOTTOM OF THE 4TH
Clemson University Tigers batting - Pitching for Wichita State University Shockers : RHP Kyle Gray
Batting: RHB Josh LeSage 0-0: Ball
1-0: Ball
2-0: Ball
3-0: Base on Balls
Batting: RHB Marco Maggs 0-0: Swinging Strike
0-1: Foul Ball, location: 2F
0-2: Fielders Choice at 2nd, 6-4 (Groundball, 6, EV 104.4 MPH)
Batting: RHB David Rhodes 0-0: Ball
1-0: Ball
2-0: DOUBLE (Flyball, 89D, EV 99.4 MPH)
Marco Maggs to third
Runner from 3rd tries for Home, SAFE, throw by RF to trailing runner, SAFE at third!
Batting: LHB Steve Gates 0-0: Foul Ball, location: 2F
0-1: Foul Ball, location: 2F
0-2: SINGLE (Groundball, 34S, EV 76.9 MPH) (infield hit)
Batting: RHB Jason Duncan 0-0: Foul Ball, location: 2F
0-1: Foul Ball, location: 2F
0-2: Foul Ball, location: 2F
0-2: SINGLE (Groundball, 56, EV 99.4 MPH) (infield hit)
David Rhodes scores
Steve Gates to second
Batting: LHB George Jedinak 0-0: Ball
1-0: Called Strike
1-1: Fly out, F9 (Flyball, 9S, EV 71.2 MPH)
Batting: RHB Jose Rolon 0-0: Called Strike
0-1: Fly out, F7 (Flyball, 7LS, EV 91.2 MPH)
Bottom of the 4th over - 2 runs, 3 hits, 0 errors, 2 left on base; Wichita State University 4 - Clemson University 2
TOP OF THE 5TH
Wichita State University Shockers batting - Pitching for Clemson University Tigers : RHP A.J. Newman
Batting: RHB Kyle Gill 0-0: Ball
1-0: Foul Ball, location: 2F
1-1: Ball
2-1: Ball
3-1: Called Strike
3-2: Foul Ball, location: 2F
3-2: Ground out U3 (Groundball, 3S, EV 91.9 MPH)
Pitching: RHP Joe Maid
Batting: RHB Lucio Baratta 0-0: Called Strike
0-1: Swinging Strike
0-2: Strikes out swinging, 2-3 out at first.
Batting: RHB Marvin Coffey 0-0: Ball
1-0: Ball
2-0: Ball
3-0: Foul Ball, location: 2F
3-1: Ground out 6-3 (Groundball, 6, EV 86.9 MPH)
Top of the 5th over - 0 runs, 0 hits, 0 errors, 0 left on base; Wichita State University 4 - Clemson University 2
BOTTOM OF THE 5TH
Clemson University Tigers batting - Pitching for Wichita State University Shockers : RHP Kyle Gray
Batting: RHB Willis Suarez 0-0: Called Strike
0-1: Ball
1-1: Foul Ball, location: 2F
1-2: Foul Ball, location: 2F
1-2: Ball
2-2: Foul Ball, location: 2F
2-2: Foul Ball, location: 2F
2-2: Strikes out swinging
Batting: LHB Mario Nunez 0-0: Foul Ball, location: 2F
0-1: Foul Ball, location: 2F
0-2: Ball
1-2: Ball
2-2: Ball
3-2: Foul Ball, location: 2F
3-2: SINGLE (Flyball, 7, EV 80.6 MPH)
Batting: RHB Josh LeSage 0-0: Foul Ball, location: 2F
0-1: Swinging Strike
0-2: Strikes out swinging
Batting: RHB Marco Maggs 0-0: Swinging Strike
0-1: Foul Ball, location: 2F
0-2: Ground out 5-3 (Groundball, 56S, EV 71.2 MPH)
Bottom of the 5th over - 0 runs, 1 hit, 0 errors, 1 left on base; Wichita State University 4 - Clemson University 2
TOP OF THE 6TH
Wichita State University Shockers batting - Pitching for Clemson University Tigers : RHP Joe Maid
Batting: LHB Troy Davies 0-0: Called Strike
0-1: SINGLE (Groundball, 6S, EV 73.1 MPH) (infield hit)
Batting: LHB Kyle Lee 0-0: Ball
1-0: Grounds into double play, 4-6-3 (Groundball, 4, EV 86.9 MPH)
Batting: RHB Jeff Grant 0-0: Called Strike
0-1: SINGLE (Groundball, 25, EV 67.5 MPH) (infield hit)
Batting: RHB Jordan Carr 0-0: Called Strike
0-1: Fly out, F8 (Flyball, 8RS, EV 78.8 MPH)
Top of the 6th over - 0 runs, 2 hits, 0 errors, 1 left on base; Wichita State University 4 - Clemson University 2
BOTTOM OF THE 6TH
Clemson University Tigers batting - Pitching for Wichita State University Shockers : RHP Kyle Gray
Batting: RHB David Rhodes 0-0: Ball
1-0: Ground out 5-3 (Groundball, 56, EV 86.2 MPH)
Batting: LHB Steve Gates 0-0: Ball
1-0: Called Strike
1-1: Ball
2-1: Foul Ball, location: 2F
2-2: Foul Ball, location: 2F
2-2: SINGLE (Groundball, 34S, EV 65.0 MPH) (infield hit)
Pitching: RHP Steve Mattes
Batting: RHB Jason Duncan 0-0: Ball
1-0: Ball
2-0: Foul Ball, location: 2F
2-1: Foul Ball, location: 2F
2-2: Fielders Choice at 2nd, 6-4 (Groundball, 6, EV 81.9 MPH)
Pitching: LHP Alex Brown
Batting: LHB George Jedinak 0-0: Called Strike
0-1: Swinging Strike
0-2: Ball
1-2: Strikes out swinging
Bottom of the 6th over - 0 runs, 1 hit, 0 errors, 1 left on base; Wichita State University 4 - Clemson University 2
TOP OF THE 7TH
Wichita State University Shockers batting - Pitching for Clemson University Tigers : RHP Joe Maid
Pitching: RHP John Sweet
Batting: SHB Peter Faggard 0-0: Ball
1-0: Ground out 5-3 (Groundball, 56, EV 101.2 MPH)
Batting: RHB Rick McGrath 0-0: Ball
1-0: Foul Ball, location: 2F
1-1: Ball
2-1: Ball
3-1: Swinging Strike
3-2: DOUBLE (Flyball, 8RXD, EV 105.6 MPH)
Batting: RHB Kyle Gill 0-0: Ball
1-0: Ball
2-0: DOUBLE (Line Drive, 89M, EV 96.2 MPH)
Rick McGrath scores
Batting: RHB Lucio Baratta 0-0: Called Strike
0-1: Ball
1-1: SINGLE (Line Drive, 4M, EV 96.9 MPH)
Kyle Gill to third
Batting: RHB Marvin Coffey 0-0: Ball
1-0: Fly out, F7 (Flyball, 7, EV 81.9 MPH)
Runner from 3rd tags up, SCORES, throw by LF
Batting: LHB Troy Davies 0-0: Ball
Lucio Baratta steals 2nd base
1-0: Foul Ball, location: 2F
1-1: Ball
2-1: Ball
3-1: Base on Balls
Batting: LHB Kyle Lee 0-0: Swinging Strike
0-1: Ball
1-1: Foul Ball, location: 2F
1-2: SINGLE (Groundball, 3S, EV 68.1 MPH) (infield hit)
Lucio Baratta to third
Troy Davies to second
Pitching: RHP Joachim Marot
Batting: RHB Jeff Grant 0-0: Ball
1-0: Ball
2-0: Ball
3-0: Called Strike
3-1: Fielders Choice at 2nd, 6-4 (Groundball, 56, EV 79.4 MPH)
Top of the 7th over - 2 runs, 4 hits, 0 errors, 3 left on base; Wichita State University 6 - Clemson University 2
BOTTOM OF THE 7TH
Clemson University Tigers batting - Pitching for Wichita State University Shockers : LHP Alex Brown
Pitching: LHP Greg Burton
Batting: RHB Jose Rolon 0-0: Called Strike
0-1: Swinging Strike
0-2: Foul Ball, location: 2F
0-2: Foul Ball, location: 2F
0-2: Ball
1-2: Foul Ball, location: 2F
1-2: SOLO HOME RUN (Flyball, 7D, EV 93.8 MPH), Distance : 364 ft
Batting: RHB Willis Suarez 0-0: Ball
1-0: Foul Ball, location: 2F
1-1: Swinging Strike
1-2: Fly out, F7 (Flyball, 7, EV 86.2 MPH)
Batting: LHB Mario Nunez 0-0: Called Strike
0-1: Ball
1-1: Called Strike
1-2: Ground out 5-3 (Groundball, 56, EV 99.4 MPH)
Batting: RHB Josh LeSage 0-0: Called Strike
0-1: Called Strike
0-2: Ball
1-2: Ball
2-2: Foul Ball, location: 2F
2-2: Fly out, F5 (Line Drive, 5, EV 70.0 MPH)
Bottom of the 7th over - 1 run, 1 hit, 0 errors, 0 left on base; Wichita State University 6 - Clemson University 3
TOP OF THE 8TH
Wichita State University Shockers batting - Pitching for Clemson University Tigers : RHP Joachim Marot
Batting: RHB Jordan Carr 0-0: Called Strike
0-1: Called Strike
0-2: Ball
1-2: Foul Ball, location: 2F
1-2: Foul Ball, location: 2F
1-2: Ball
2-2: SINGLE (Line Drive, 8RS, EV 100.6 MPH)
Batting: SHB Peter Faggard 0-0: Ball
1-0: Ball
2-0: Grounds into double play, 5-4-3 (Groundball, 5, EV 90.6 MPH)
Batting: RHB Rick McGrath 0-0: Ball
1-0: Foul Ball, location: 2F
1-1: SINGLE (Line Drive, 6MD, EV 98.1 MPH)
Batting: RHB Kyle Gill 0-0: SINGLE (Groundball, 34D, EV 100.6 MPH)
Rick McGrath to second
Runner from 2nd tries for 3rd, SAFE, throw by RF made to third
Batting: RHB Lucio Baratta 0-0: Called Strike
0-1: Called Strike
0-2: Ball
1-2: Ball
2-2: Ball
3-2: Foul Ball, location: 2F
3-2: SINGLE (Groundball, 6MD, EV 95.6 MPH)
Rick McGrath scores
Kyle Gill to second
Kyle Gill to third
Pitching: RHP Richard Clements
Batting: RHB Marvin Coffey 0-0: Fly out, F9 (Flyball, 89S, EV 88.1 MPH)
Top of the 8th over - 1 run, 4 hits, 0 errors, 2 left on base; Wichita State University 7 - Clemson University 3
BOTTOM OF THE 8TH
Clemson University Tigers batting - Pitching for Wichita State University Shockers : LHP Greg Burton
Pitching: RHP Keith Wilder
Batting: RHB Marco Maggs 0-0: Foul Ball, location: 2F
0-1: Swinging Strike
0-2: Ball
1-2: Ball
2-2: Ground out 4-3 (Groundball, 4, EV 98.1 MPH)
Batting: RHB David Rhodes 0-0: DOUBLE (Groundball, 5L, EV 107.5 MPH)
Batting: LHB Steve Gates 0-0: Ball
1-0: SINGLE (Line Drive, 7LS, EV 93.8 MPH)
David Rhodes to third
Batting: RHB Jason Duncan 0-0: Swinging Strike
0-1: Fly out, F6 (Popup, 6, EV 75.6 MPH)
Batting: LHB George Jedinak 0-0: Ball
1-0: Swinging Strike
1-1: Called Strike
1-2: Foul Ball, location: 2F
1-2: Foul Ball, location: 2F
1-2: Strikes out swinging
Bottom of the 8th over - 0 runs, 2 hits, 0 errors, 2 left on base; Wichita State University 7 - Clemson University 3
TOP OF THE 9TH
Wichita State University Shockers batting - Pitching for Clemson University Tigers : RHP Richard Clements
Pitching: LHP Brian Anderson
Batting: LHB Troy Davies 0-0: Fly out, F8 (Flyball, 8LM, EV 90.0 MPH)
Batting: LHB Kyle Lee 0-0: Called Strike
0-1: Fly out, F8 (Line Drive, 8LM, EV 91.9 MPH)
Pitching: LHP Salvatore Vasquez
Batting: RHB Jeff Grant 0-0: Ball
1-0: Ball
2-0: Foul Ball, location: 2F
2-1: Swinging Strike
2-2: Foul Ball, location: 2F
2-2: Foul Ball, location: 2F
2-2: Ball
3-2: Foul Ball, location: 2F
3-2: Base on Balls
Batting: RHB Jordan Carr 0-0: Called Strike
0-1: Foul Ball, location: 2F
0-2: Fly out, F4 (Popup, 4, EV 65.6 MPH)
Top of the 9th over - 0 runs, 0 hits, 0 errors, 1 left on base; Wichita State University 7 - Clemson University 3
BOTTOM OF THE 9TH
Clemson University Tigers batting - Pitching for Wichita State University Shockers : RHP Keith Wilder
Batting: RHB Jose Rolon 0-0: Ball
1-0: Ball
2-0: Ground out 6-3 (Groundball, 6, EV 81.2 MPH)
Batting: RHB Willis Suarez 0-0: Ball
1-0: SINGLE (Flyball, 78S, EV 99.4 MPH)
Batting: LHB Mario Nunez 0-0: Fly out, F7 (Flyball, 7LD, EV 92.5 MPH)
Batting: RHB Josh LeSage 0-0: Called Strike
0-1: Fly out, F4 (Popup, 4M, EV 72.5 MPH)
Bottom of the 9th over - 0 runs, 1 hit, 0 errors, 1 left on base; Wichita State University 7 - Clemson University 3
Tuesday, March 28th , 2023 - OOTP Baseball 23.10 Build 110